 Dungeon Crawl Stone Soup version 0.29-a0-464-g50448035db (webtiles) character file.

Game seed: 2363875978191474520

307 Bruhh the Magician (level 6, -4/40 HPs)
             Began as a Djinni Earth Elementalist on May 21, 2022.
             Was an Initiate of Makhleb.
             Slain by an iguana (12 damage)
             ... on level 4 of the Dungeon.
             The game lasted 00:05:47 (3985 turns).

Bruhh the Magician (Djinni Earth Elementalist)      Turns: 3985, Time: 00:05:47

Health: -4/40      AC:  2    Str:  7    XL:     6   Next: 68%
Gold:   408        EV: 12    Int: 18    God:    Makhleb [......] SH:  0 Dex: 17

rFire   + + .      SeeInvis .   u - +3 dagger
rCold   x . .      Faith    .   (no shield)
rNeg    . . .      Spirit   .   b - +0 robe
rPois   ∞          Reflect  .   (no helmet)
rElec   +          Harm     .   (no cloak)
rCorr   .          Rampage  .   (no gloves)
Will    .....                   (boots unavailable)
Stlth   ++........              q - amulet of the Vendetta {rElec Regen+ Dex+3}
HPRegen 0.93/turn               (no ring)
MPRegen 0.00/turn               (no ring)

@: mighty, attractive, flying
A: sickness immunity, fire resistance 2, cold vulnerability 1, float, innate
caster, HP casting, extra vitality 1
a: Renounce Religion


You were on level 4 of the Dungeon.
You worshipped Makhleb.
Makhleb was noncommittal.
You visited 1 branch of the dungeon, and saw 4 of its levels.
You also visited: Sewer and Ossuary.

You collected 408 gold pieces.

Inventory:

Hand Weapons
 u - a +3 dagger (weapon)
Missiles
 a - 28 stones
Armour
 b - a +0 robe (worn)
Jewellery
 d - a ring of fire
 q - the amulet of the Vendetta (around neck) {rElec Regen+ Dex+3}
   (You found it on level 3 of the Dungeon)

   [amulet of regeneration]

   Dex:       It affects your dexterity (+3).
   rElec:     It insulates you from electricity.
   Regen:     It increases your rate of health regeneration.
Wands
 s - a wand of polymorph (8)
Scrolls
 c - 2 scrolls of teleportation
 e - a scroll of noise
 g - a scroll of magic mapping {unknown}
 m - 4 scrolls of blinking
 n - 2 scrolls of fog {unknown}
 p - a scroll of amnesia {unknown}
 r - a scroll of torment {unknown}
 t - 3 scrolls of enchant weapon {unknown}
 y - 2 scrolls of enchant armour {unknown}
 A - a scroll of poison {unknown}
 B - 3 scrolls of immolation {unknown}
 D - a scroll of brand weapon {unknown}
 F - a scroll of identify {unknown}
Potions
 h - a potion of invisibility {unknown}
 i - 3 potions of might
 j - 3 potions of flight
 k - 2 potions of cancellation {unknown}
 l - 4 potions of curing {unknown}
 o - 2 potions of heal wounds {unknown}
 v - a potion of resistance {unknown}
 w - 2 potions of mutation {unknown}
 x - 2 potions of haste {unknown}
 z - a potion of experience {unknown}
 C - 2 potions of lignification {unknown}
 E - a potion of berserk rage {unknown}


   Skills:
 - Level 2.1 Dodging
 - Level 1.5 Stealth
 + Level 5.4 Spellcasting


You had 2 spell levels left.
You knew the following spells:

 Your Spells              Type           Power      Damage    Failure   Level
a - Sandblast             Erth           48%        2d12      1%          1
b - Passwall              Tmut/Erth      20%        N/A       1%          2
c - Stone Arrow           Conj/Erth      48%        3d10      4%          3
d - Petrify               Tmut/Erth      24%        N/A       14%         4
e - Magic Dart            Conj           96%        1d7       1%          1
f - Poisonous Vapours     Pois/Air       48%        N/A       1%          2
Your spell library was empty.

Dungeon Overview and Level Annotations

Branches:
Dungeon (4/15)              Sewer (visited)         Ossuary (visited)
 Temple: D:4-7

Altars:
Makhleb


Innate Abilities, Weirdness & Mutations

You are immune to sickness and miasma.
You are immune to poison.
Your flesh is very heat resistant. (rF++)
You are vulnerable to cold. (rC-)
You float through the air rather than walking.
You learn spells naturally, not from books.
Your magical power is your life essence.
You have superior vitality. (+4 MHP)


Message History

You are too injured to fight recklessly!
You are too injured to fight recklessly!
You are too injured to fight recklessly!
You are too injured to fight recklessly!
You are too injured to fight recklessly!
The iguana attacks as you move away! The iguana barely misses you.
Casting: Sandblast (safe; 1% risk of failure)
Confirm with . or Enter, or press ? or * to list all spells.
Aiming: Sandblast (safe; 1% risk of failure)
Press: ? - help, Shift-Dir - straight line, f/p - iguana
Aim: an iguana (lightly wounded, 83% to hit)
The blast of sand hits the iguana but does no damage.
The iguana is lightly wounded.
The iguana barely misses you.
Unknown command.
Casting: Sandblast (safe; 1% risk of failure)
Confirm with . or Enter, or press ? or * to list all spells.
Aiming: Sandblast (safe; 1% risk of failure)
Press: ? - help, Shift-Dir - straight line, f/p - iguana
Aim: an iguana (lightly wounded, 83% to hit)
The blast of sand hits the iguana but does no damage.
The iguana is lightly wounded.
The iguana bites you.
* * * LOW HITPOINT WARNING * * *
Unknown command.
Casting: Sandblast (safe; 1% risk of failure)
Confirm with . or Enter, or press ? or * to list all spells.
Okay, then.
It was a potion of might.
You feel very mighty all of a sudden. The iguana bites you.
* * * LOW HITPOINT WARNING * * *
It was a potion of flight.
You feel more buoyant. The iguana bites you.
* * * LOW HITPOINT WARNING * * *
It was a potion of attraction.
You feel attractive to monsters. The iguana bites you!
You die...

# #..# # #######..##
# #.........#
###.#####...# ....#
#...# ###.#
#...#############
#.# #...............
#.#
#>#.#######..####..
#.#
##.#.....@lg.......#
###.#
#..#########...#####
....# #.## ##..#
##..# #.# ..# ##..#
#.# ..# ##..# #.#
### ..# ##..####.#
#.. ... .........#
#.## #.## ##..######
#..


You could see an iguana and a goblin.

Vanquished Creatures
  A kobold brigand (Sewer)
  Jessica (D:3)
  8 mummies (Ossuary)
  2 adders (D:3)
  A river rat (D:3)
  A dart slug (D:3)
  2 orcs
  12 ball pythons
  2 endoplasms
  A giant cockroach (D:1)
  5 goblins
  7 hobgoblins
  4 jackals (D:4)
  15 kobolds
  A quokka (D:1)
  9 bats
  A frilled lizard (D:3)
  A gnoll zombie (Ossuary)
  3 hobgoblin zombies (Ossuary)
  2 kobold zombies (Ossuary)
  2 orc zombies (Ossuary)
  10 rats
91 creatures vanquished.

Vanquished Creatures (others)
  A plant (Sewer)
1 creature vanquished.

Grand Total: 92 creatures vanquished

Notes
Turn   | Place    | Note
-------+----------+-------------------------------------------
     0 | D:1      | Bruhh the Djinni Earth Elementalist began the quest for the
                  | Orb.
     0 | D:1      | Reached XP level 1. HP: 15/15 MP: 0/0
   336 | D:1      | Reached XP level 2. HP: 8/21 MP: 0/0
   612 | D:1      | Reached skill level 3 in Spellcasting
  1161 | D:1      | Reached XP level 3. HP: 22/25 MP: 0/0
  1161 | D:1      | Learned a level 1 spell: Magic Dart
  1449 | D:2      | Found a faded altar of an unknown god.
  2391 | D:3      | Reached XP level 4. HP: 30/31 MP: 0/0
  2427 | D:3      | Identified the amulet of the Vendetta {rElec Regen+ Dex+3}
  2487 | D:3      | Noticed Jessica
  2488 | D:3      | Killed Jessica
  2489 | D:3      | Reached skill level 4 in Spellcasting
  2604 | D:3      | Found a glowing drain.
  2614 | D:3      | Reached XP level 5. HP: 29/35 MP: 0/0
  2614 | D:3      | Learned a level 2 spell: Poisonous Vapours
  2794 | Sewer    | Entered a sewer
  2932 | Sewer    | Noticed a kobold brigand
  2968 | Sewer    | Killed a kobold brigand
  2969 | Sewer    | Reached XP level 6. HP: 20/40 MP: 0/0
  3302 | D:3      | Found a burning altar of Makhleb.
  3304 | D:3      | Noticed a cacodemon
  3393 | D:3      | Noticed an orange demon
  3393 | D:3      | Noticed a smoke demon
  3395 | D:3      | Became a worshipper of Makhleb the Destroyer
  3601 | D:4      | Found a sand-covered staircase.
  3743 | Ossuary  | Entered an ossuary
  3756 | Ossuary  | Reached skill level 5 in Spellcasting
  3985 | D:4      | Slain by an iguana

Illustrated notes

Levels and vault maps discovered:
D:1:      minmay_arrival_open_corners, layout_loops_cross
D:2:      layout_loops_corners, nicolae_ecumenical_snake_handling
D:3:      layout_loops_ring, makhleb_altar_promises_db,
          cheibrodos_sewer_entry_sluice, uniq_jessica
D:4:      layout_loops_ring, lightli_ossuary_entry_decrepit_ruins, corexii_shack

Skill      XL: |  1  2  3  4  5  6 |
---------------+-------------------+-----
Spellcasting   | 3 4 5 |  5.4
Dodging        | |  2.1
Stealth        | |  1.5

Action                   |  1- 3 |  4- 6 || total
-------------------------+-------+-------++-------
Melee: Unarmed           |     7 |     2 ||     9
       Dagger            |       |    13 ||    13
 Cast: Sandblast         |    49 |    78 ||   127
       Stone Arrow       |       |     6 ||     6
  Use: Scroll            |       |     4 ||     4
       Potion            |       |     3 ||     3
 Stab: Sleeping          |       |     2 ||     2
Armor: Robe              |     9 |     4 ||    13
Dodge: Dodged            |    17 |    25 ||    42

Table legend: (Time is in decaauts)
 A = Elapsed time spent in this place.
 B = Non-inter-level travel time spent in this place.
 C = Inter-level travel time spent in this place.
 D = Time resting spent in this place.
 E = Time spent auto-exploring this place.
 F = Levels seen in this place.
 G = Mean time per level.
                   A        B        C        D        E       F      G
               +--------+--------+--------+--------+--------+-----+--------+
         Total |   3982 |   3777 |    205 |      0 |   3280 |   6 |  663.7 |
       Dungeon |   3507 |   3302 |    205 |      0 |   3011 |   4 |  876.8 |
         Sewer |    294 |    294 |      0 |      0 |    159 |   1 |  294.0 |
       Ossuary |    180 |    180 |      0 |      0 |    110 |   1 |  180.0 |
               +--------+--------+--------+--------+--------+-----+--------+

Top non-repeatable levels by time:
     D:1: 1381 daAuts
     D:2: 903 daAuts
     D:3: 844 daAuts
     D:4: 378 daAuts
   Sewer: 294 daAuts
 Ossuary: 180 daAuts
